 Dungeon Crawl Stone Soup version 0.28-a0-691-gad6df49e81 (webtiles) character file.

Game seed: 7398701371126604139

2657 BlueGoblin the Spry (level 9, -3/43 HPs)
             Began as a Spriggan Monk on Oct 21, 2021.
             Was a Follower of Ru.
             Shot with an arrow by a centaur warrior (22 damage)
             ... on level 8 of the Dungeon.
             The game lasted 00:22:36 (16055 turns).

BlueGoblin the Spry (Spriggan Monk)                Turns: 16055, Time: 00:22:37

Health: -3/43      AC:  3    Str:  7    XL:     9   Next: 36%
Magic:  10/10      EV: 31    Int: 11    God:    Ru [*.....]
Gold:   439        SH:  8    Dex: 21    Spells: 8/8 levels left

rFire   . . .      SeeInvis +   a - +3 dagger (venom)
rCold   . . .      Faith    .   o - +0 buckler
rNeg    + . .      Spirit   .   k - +1 robe
rPois   .          Reflect  .   (helmet restricted)
rElec   .          Harm     .   (no cloak)
rCorr   +          Rampage  .   (gloves unavailable)
Will    +....                   (boots unavailable)
Stlth   +++.......              D - amulet of the acrobat
HPRegen 0.14/turn               i - ring of resist corrosion
MPRegen 0.12/turn               t - ring of positive energy

@: very quick
A: very small, no large weapons, unfitting armour, see invisible, speed 3, no
earth magic, no hexes magic, no necromancy magic
a: Renounce Religion


You were on level 8 of the Dungeon.
You worshipped Ru.
Ru was aware of your devotion.
You visited 2 branches of the dungeon, and saw 9 of its levels.

You collected 439 gold pieces.

Inventory:

Hand Weapons
 a - a +3 dagger of venom (weapon)
 b - a +3 falchion
 m - a +0 short sword
Missiles
 n - 7 atropa-tipped darts (quivered)
 q - a throwing net
 w - 11 poisoned darts
Armour
 k - a +1 robe (worn)
 o - a +0 buckler (worn)
Jewellery
 i - a ring of resist corrosion (left hand)
 t - a ring of positive energy (right hand)
 D - an amulet of the acrobat (around neck)
Wands
 y - a wand of flame (9)
 z - a wand of acid (7)
Scrolls
 e - a scroll of enchant armour
 p - 4 scrolls of teleportation
Potions
 c - 2 potions of cancellation
 d - 7 potions of curing
 f - 2 potions of haste
 h - 3 potions of lignification
 j - a potion of heal wounds
 l - a potion of flight
 r - a potion of brilliance
 s - a potion of ambrosia {unknown}
 B - a potion of attraction {unknown}


   Skills:
 - Level 2.4 Fighting
 - Level 3.2 Short Blades
 + Level 15.3 Dodging
 - Level 3.0 Stealth
 + Level 3.8 Shields


You had 8 spell levels left.
You didn't know any spells.
Your spell library contained the following spells:

 Spells                   Type           Power      Damage    Failure   Level
 Poisonous Vapours        Pois/Air       0%         N/A       56%         2
 Orb of Destruction       Conj           0%         N/A       100%        7
 Spellforged Servitor     Conj/Summ      0%         N/A       100%        7
 Animate Skeleton         Necr           Unusable   N/A       N/A         1
 Pain                     Necr           Unusable   1d4       N/A         1
 Corpse Rot               Necr/Air       Unusable   N/A       N/A         2
 Slow                     Hex            Unusable   N/A       N/A         2
 Confusing Touch          Hex            Unusable   N/A       N/A         3
 Summon Guardian Golem    Hex/Summ       Unusable   N/A       N/A         3
 Vampiric Draining        Necr           Unusable   2d6       N/A         3

Dungeon Overview and Level Annotations

Branches:
Dungeon (8/15)             Temple (1/1) D:7
   Lair: D:8-11

Altars:
Ashenzari
Dithmenos
Gozag
Hepliaklqana
Makhleb
Okawaru
Ru
Trog
Uskayaw
Vehumet
Wu Jian
Yredelemnul
Zin
The Shining One

Shops:
D:1 (   D:2 [   D:6 *


Innate Abilities, Weirdness & Mutations

You are very small and have problems with some larger weapons.
You are too small for most types of armour.
You have supernaturally acute eyesight. (SInv)
You cover ground extremely quickly. (Speed+++)
You cannot study or cast Earth magic.
You cannot study or cast Hexes magic.
You cannot study or cast Necromancy magic.


Message History

Aim: a centaur warrior, wielding a +0 shortbow, wearing an amulet of reflection and quivering arrows (70% to hit, chance to blind on hit: 3%)
You throw an atropa-tipped dart.
The atropa-tipped dart closely misses the centaur warrior.
The centaur warrior shoots an arrow.
You block the arrow.
Throw: 11 darts (atropa)
Press: ? - help, Shift-Dir - straight line, f/p - centaur warrior
Aim: a centaur warrior, wielding a +0 shortbow, wearing an amulet of reflection and quivering arrows (70% to hit, chance to blind on hit: 3%)
You throw an atropa-tipped dart.
The atropa-tipped dart hits the centaur warrior.
The centaur warrior resists.
The centaur warrior shoots an arrow.
You block the arrow.
The centaur warrior shoots an arrow.
The arrow completely misses you.
Throw: 10 darts (atropa)
Press: ? - help, Shift-Dir - straight line, f/p - centaur warrior
Aim: a centaur warrior, wielding a +0 shortbow, wearing an amulet of reflection and quivering arrows (70% to hit, chance to blind on hit: 3%)
You throw an atropa-tipped dart.
The centaur warrior reflects the atropa-tipped dart off an invisible shield around it!
The atropa-tipped dart completely misses you.
The centaur warrior shoots an arrow.
You block the arrow.
Throw: 9 darts (atropa)
Press: ? - help, Shift-Dir - straight line, f/p - centaur warrior
Aim: a centaur warrior, wielding a +0 shortbow, wearing an amulet of reflection and quivering arrows (70% to hit, chance to blind on hit: 3%)
You throw an atropa-tipped dart.
The centaur warrior reflects the atropa-tipped dart off an invisible shield around it!
The atropa-tipped dart completely misses you.
The centaur warrior shoots an arrow.
The arrow misses you.
The centaur warrior shoots an arrow.
The arrow closely misses you.
Throw: 8 darts (atropa)
Press: ? - help, Shift-Dir - straight line, f/p - centaur warrior
Aim: a centaur warrior, wielding a +0 shortbow, wearing an amulet of reflection and quivering arrows (70% to hit, chance to blind on hit: 3%)
You throw an atropa-tipped dart.
The atropa-tipped dart hits the centaur warrior.
The centaur warrior resists.
The centaur warrior shoots an arrow.
The arrow completely misses you.
The centaur warrior shoots an arrow.
The arrow hits you!!
Ouch! That really hurt!
There is a stone staircase leading up here.
The centaur warrior shoots an arrow.
The arrow hits you!!
Ouch! That really hurt!
You die...

......####...# ### .......# ###.#
..# .......# #.# #.# .......# #.#
#.# .......# #.## #.## .......#
#..# #### #<.# ......##
##.####..# ##..# . .......#
#.##().c# #.# #. .......#
#.##@##(### #.###.. .......####
#.##.##...#####...[.c
..>.......###....####.....##..##.
.......##.)###...# #####.c...#
......####.###.#.##### ###...##.
.....## #..)........# #......
#.#### ##).##......# #...... #.#
#..##......# #...... #.#
#..#######.# .......


You could see a centaur warrior.

Vanquished Creatures
  A water moccasin (D:5)
  2 orc warriors (D:7)
  A black bear (D:5)
  2 sky beasts
  2 ice beasts
  3 ogres
  A phantom (D:6)
  5 scorpions
  A water moccasin skeleton (D:6)
  3 killer bees (D:7)
  4 wights (D:7)
  2 jellies
  3 orc priests
  A gnoll shaman (D:8)
  4 hounds
  2 bullfrog skeletons
  A centaur skeleton (D:5)
  Jessica (D:3)
  An iguana (D:5)
  4 orc wizards
  9 gnolls
  A howler monkey skeleton (D:6)
  11 adders
  2 shadow imps
  2 white imps
  An ufetubus (D:6)
  2 worms (D:3)
  3 dart slugs
  40 orcs
  11 ball pythons
  11 endoplasms
  2 giant cockroaches (D:1)
  4 goblins
  10 hobgoblins
  5 jackals
  7 quokkas
  7 bats
  4 frilled lizards
  11 kobolds
  A rat (D:1)
188 creatures vanquished.

Notes
Turn   | Place    | Note
-------+----------+-------------------------------------------
     0 | D:1      | BlueGoblin the Spriggan Monk began the quest for the Orb.
     0 | D:1      | Reached XP level 1. HP: 11/11 MP: 2/2
    69 | D:1      | Reached XP level 2. HP: 16/16 MP: 3/3
   674 | D:1      | Reached skill level 5 in Dodging
   989 | D:1      | Reached XP level 3. HP: 19/19 MP: 4/4
  1144 | D:1      | Found Rorus's Weapon Emporium.
  1664 | D:2      | Found Reciafeo's Armour Emporium.
  1672 | D:2      | Reached skill level 6 in Dodging
  2696 | D:2      | Reached XP level 4. HP: 23/23 MP: 5/5
  4516 | D:2      | Reached skill level 7 in Dodging
  5313 | D:3      | Found a faded altar of an unknown god.
  7613 | D:3      | Reached XP level 5. HP: 27/27 MP: 6/6
  7669 | D:3      | Noticed Jessica
  7679 | D:3      | Killed Jessica
  7680 | D:3      | Reached skill level 8 in Dodging
  7908 | D:3      | Noticed a sky beast
  8368 | D:3      | Found an opulent altar of Gozag.
  8487 | D:3      | Killed a sky beast
  8488 | D:3      | Reached skill level 9 in Dodging
  8488 | D:3      | Reached XP level 6. HP: 17/32 MP: 7/7
 10064 | D:5      | Entered Level 5 of the Dungeon
 10068 | D:5      | Reached skill level 10 in Dodging
 10103 | D:5      | Noticed an ice beast
 10314 | D:5      | Reached XP level 7. HP: 35/35 MP: 8/8
 10450 | D:5      | Reached skill level 11 in Dodging
 10796 | D:5      | Reached skill level 1 in Shields
 10864 | D:5      | Reached skill level 12 in Dodging
 10930 | D:5      | Reached XP level 8. HP: 30/39 MP: 9/9
 11456 | D:5      | Reached skill level 13 in Dodging
 11559 | D:6      | Found Laaqiottae's Lightly-Used Armoury.
 12546 | D:6      | Reached skill level 14 in Dodging
 12752 | D:7      | Found a hide-covered altar of Uskayaw.
 12752 | D:7      | Found an iron altar of Okawaru.
 12969 | D:7      | Reached XP level 9. HP: 21/43 MP: 10/10
 13438 | D:7      | Found a staircase to the Ecumenical Temple.
 15028 | D:7      | Reached skill level 15 in Dodging
 15259 | Temple   | Entered the Ecumenical Temple
 15266 | Temple   | Became a worshipper of Ru the Awakened
 15286 | D:7      | Gained mutation: You cannot study or cast Earth magic. [Ru
                  | sacrifice]
 15286 | D:7      | Gained mutation: You cannot study or cast Hexes magic. [Ru
                  | sacrifice]
 15286 | D:7      | Gained mutation: You cannot study or cast Necromancy magic.
                  | [Ru sacrifice]
 15286 | D:7      | Reached * piety under Ru
 16031 | D:8      | Noticed a centaur warrior
 16055 | D:8      | Shot with an arrow by a centaur warrior

Illustrated notes

Levels and vault maps discovered:
D:1:      roderic_dead_forest, layout_loops_ring, serial_shops,
          nicolae_square_shop
D:2:      layout_basic, serial_shops, shop
D:3:      layout_loops_ring, grunt_gozag_statues,
          chequers_ecumenical_altar_island, uniq_jessica
D:4:      layout_basic
D:5:      layout_rooms, nrook_pool_corridor
D:6:      layout_loops_ring, chequers_jeans, minmay_shop_damaged
D:7:      layout_layer_cave, jmf_multi_god_temple
D:8:      layout_rooms, special_room [special_room_orc],
          minmay_misc_feat_columns, minmay_the_grid_2x2
          [minmay_the_grid_outer_diamond, minmay_the_grid_large_cup,
          minmay_the_grid_minigrid_small,
          minmay_the_grid_prize_four_corners_diamond_b]
Temple:   minmay_freezing_vapour_temple

Skill      XL: |  1  2  3  4  5  6  7  8  9 |
---------------+----------------------------+-----
Dodging        | 5 6 7 9 10 12 14 15 | 15.3
Shields        | 1 3 |  3.8
Fighting       | |  2.4
Short Blades   | |  3.2
Stealth        | |  3.0

Action                   |  1- 3 |  4- 6 |  7- 9 || total
-------------------------+-------+-------+-------++-------
Melee: Short sword       |   160 |   216 |       ||   376
       Falchion          |       |    51 |   107 ||   158
       Dagger            |       |    97 |   345 ||   442
Throw: Dart              |       |     7 |     7 ||    14
Invok: Sacrifice Arcana  |       |       |     1 ||     1
  Use: Scroll            |       |     5 |    13 ||    18
 Stab: Sleeping          |    13 |    13 |    10 ||    36
       Invisible         |       |     2 |       ||     2
       Distracted        |       |     1 |     1 ||     2
Armor: Robe              |    14 |    24 |    14 ||    52
Dodge: Dodged            |   115 |   273 |   349 ||   737
Block: Buckler           |       |    27 |   147 ||   174

Table legend: (Time is in decaauts)
 A = Elapsed time spent in this place.
 B = Non-inter-level travel time spent in this place.
 C = Inter-level travel time spent in this place.
 D = Time resting spent in this place.
 E = Time spent auto-exploring this place.
 F = Levels seen in this place.
 G = Mean time per level.
                   A        B        C        D        E       F      G
               +--------+--------+--------+--------+--------+-----+--------+
         Total |  13332 |  12964 |    368 |   5464 |   4972 |   9 | 1481.3 |
       Dungeon |  13323 |  12957 |    366 |   5464 |   4972 |   8 | 1665.4 |
        Temple |      8 |      6 |      2 |      0 |      0 |   1 |    8.0 |
               +--------+--------+--------+--------+--------+-----+--------+

Top non-repeatable levels by time:
     D:2: 3347 daAuts
     D:3: 2107 daAuts
     D:7: 2104 daAuts
     D:1: 1832 daAuts
     D:4: 1597 daAuts
     D:6: 1265 daAuts
     D:5: 777 daAuts
     D:8: 292 daAuts
  Temple: 8 daAuts
